Map: Oxide LE

Players

Rex

  • Race: Zerg Zerg
  • League: Grandmaster

黑羽快斗 (ButAlways) - Winner!

  • Race: Protoss Protoss
  • League: Master

Event: DreamHack SC2 Masters 2021 Summer

VOD

Have the link to the VOD?

Description

Time

  • Played on: May 22, 2021, 7:09 a.m.
  • Length: 9:16

All games in this series

Show
View Real Time Build Order
Export as new Build Order

Rex Zerg 

Build Orders: Hatch First 

Get SALT Encoding   

  12  0:00  Drone  
  13  0:12  Overlord  
  13  0:16  Drone  
  14  0:31  Drone x2  
  16  0:47  Hatchery  
  15  0:51  Drone  
  15  0:54  Drone  
  17  0:57  Drone  
  18  1:08  Extractor  
  17  1:14  Spawning Pool  
  17  1:17  Drone  
  17  1:20  Drone  
  18  1:28  Drone  
  19  1:39  Drone  
  20  1:56  Hatchery  
  20  1:59  Overlord  
  20  2:04  Queen  
  22  2:18  Zergling x4  
  24  2:23  Zergling x2  
  25  2:33  Metabolic Boost  
  25  2:42  Queen  
  27  2:52  Hatchery  
  27  2:58  Drone x3  
  29  3:09  Queen  
  31  3:13  Drone  
  31  3:16  Drone  
  33  3:21  Drone  
  33  3:34  Drone x2  
  35  3:43  Drone  
  35  3:48  Queen  
  36  3:57  Overlord  
  36  3:58  Overlord  
  36  4:03  Queen  
  36  4:07  Zergling x6  
  41  4:12  Zergling x2  
  41  4:14  Overlord  
  41  4:16  Zergling x2  
  43  4:20  Drone  
  44  4:29  Spore Crawler  
  44  4:30  Drone x3  
  46  4:35  Spore Crawler  
  45  4:39  Drone x2, Spore Crawler  
  45  4:40  Drone  
  47  4:57  Drone  
  47  4:58  Drone x5  
  53  5:01  Overlord  
  53  5:02  Drone x3  
  56  5:08  Overlord  
  56  5:09  Drone  
  57  5:14  Overlord  
  57  5:18  Queen  
  59  5:25  Lair  
  59  5:29  Zergling x4  
  59  5:30  Zergling x2  
  59  5:31  Drone  
  59  5:32  Drone x4  
  59  5:35  Drone x3  
  70  5:42  Extractor  
  69  5:46  Drone x3  
  71  5:50  Roach Warren  
  71  5:55  Queen x2  
  74  5:59  Drone  
  74  6:06  Drone x3  
  74  6:07  Drone x2  
  74  6:08  Drone x2  
  74  6:10  Overlord  
  79  6:13  Overlord  
  79  6:15  Overlord  
  79  6:21  Spore Crawler  
  79  6:25  Overlord  
  76  6:29  Queen, Spire  
  77  6:35  Drone, Overseer  
  77  6:36  Glial Reconstitution  
  77  6:37  Overseer  
  77  6:38  Extractor x2  
  76  6:41  Drone  
  76  6:42  Drone x8  
  85  6:51  Queen x2  
  88  6:59  Extractor  
  88  7:01  Extractor  
  85  7:04  Overlord  
  85  7:05  Queen  
  86  7:11  Drone x4  
  88  7:16  Overlord  
  88  7:25  Hydralisk Den  
  88  7:28  Hatchery  
  83  7:31  Drone x5  
  83  7:32  Drone  
  87  7:37  Queen x2  
  87  7:40  Queen  
  87  7:42  Corruptor x3  
  99  7:52  Zergling x10  
  99  7:53  Corruptor x2  
  108  8:03  Corruptor  
  110  8:13  Queen x2  
  110  8:15  Corruptor x2  
  110  8:16  Queen  
  120  8:22  Corruptor  
  122  8:31  Corruptor  
  122  8:40  Corruptor x2  
Show
View Real Time Build Order
Export as new Build Order

黑羽快斗 Protoss - Winner!

Build Orders:  

Get SALT Encoding   

  12  0:00  Probe  
  13  0:12  Probe  
  14  0:19  Pylon  
  14  0:24  Probe  
  15  0:37  Probe (Chrono Boost)  
  15  0:38  Gateway  
  16  0:47  Probe (Chrono Boost), Assimilator  
  17  0:52  Probe (Chrono Boost)  
  18  1:03  Probe  
  19  1:13  Forge  
  19  1:26  Pylon  
  19  1:27  Pylon  
  19  1:30  Pylon  
  19  1:32  Pylon  
  19  1:43  Pylon  
  19  1:46  Photon Cannon  
  19  1:53  Photon Cannon  
  19  1:59  Cybernetics Core  
  19  2:03  Pylon  
  19  2:04  Probe  
  20  2:27  Nexus  
  20  2:30  Photon Cannon  
  20  2:40  Probe, Adept (Chrono Boost)  
  23  2:46  Assimilator  
  23  2:48  Pylon  
  23  2:52  Probe  
  24  3:02  Adept (Chrono Boost)  
  24  3:04  Probe (Chrono Boost)  
  27  3:08  Stargate  
  27  3:16  Probe (Chrono Boost)  
  28  3:21  Probe (Chrono Boost)  
  29  3:30  Probe  
  30  3:41  Pylon  
  30  3:42  Probe x2  
  30  3:44  Void Ray (Chrono Boost)  
  29  3:54  Probe x2  
  35  4:06  Probe (Chrono Boost)  
  35  4:07  Probe (Chrono Boost)  
  37  4:10  Assimilator  
  37  4:12  Assimilator  
  37  4:18  Probe (Chrono Boost)  
  39  4:25  Probe (Chrono Boost)  
  39  4:27  Probe (Chrono Boost)  
  39  4:29  Fleet Beacon  
  40  4:31  Probe (Chrono Boost)  
  40  4:33  Probe  
  41  4:43  Probe  
  42  4:45  Probe  
  42  4:50  Stargate  
  43  4:55  Probe  
  43  4:57  Probe  
  45  5:07  Probe  
  45  5:10  Probe  
  45  5:11  Protoss Air Weapons Level 1  
  45  5:13  Tempest (Chrono Boost)  
  52  5:19  Probe, Pylon  
  53  5:22  Probe  
  54  5:31  Probe  
  54  5:34  Probe  
  56  5:40  Carrier (Chrono Boost)  
  62  5:50  Carrier (Chrono Boost)  
  67  5:58  Probe x2  
  67  5:59  Pylon x2  
  69  6:06  Gateway  
  69  6:07  Pylon  
  69  6:15  Shield Battery  
  69  6:17  Adept  
  71  6:23  Probe  
  72  6:33  Probe  
  72  6:38  Void Ray (Chrono Boost)  
  79  6:40  Probe, Pylon  
  79  6:45  Carrier (Chrono Boost)  
  84  7:04  Nexus  
  84  7:05  Void Ray (Chrono Boost)  
  84  7:11  Pylon  
  88  7:32  Void Ray (Chrono Boost)  
  88  7:33  Pylon  
  88  7:43  Void Ray (Chrono Boost)  
  96  7:54  Shield Battery x2  
  96  7:56  Shield Battery  
  96  7:57  Photon Cannon  
  96  7:58  Shield Battery  
  96  7:59  Void Ray (Chrono Boost), Pylon  
  96  8:02  Photon Cannon  
  96  8:05  Photon Cannon  
  100  8:16  Void Ray (Chrono Boost)  
  100  8:17  Stargate  
  104  8:29  Void Ray  
  104  8:35  Shield Battery  
  104  8:36  Shield Battery  
  108  8:44  Shield Battery x2  
Tags
 
Add a new tag
Caveats
  • Supply blocks, unpowered buildings, or Contaminate may cause inaccurate times.
  • Supply counts are checked every 10 seconds.